 Dungeon Crawl Stone Soup version 0.26.0-9-gab577f9fc5 (webtiles) character file.

Game seed: 12748342369036093318

18 nano the Chiller (level 2, -4/13 HPs)
             Began as a Spriggan Ice Elementalist on Jan 13, 2021.
             Killed from afar by Natasha (7 damage)
             ... with a magic dart
             ... on level 1 of the Dungeon.
             The game lasted 00:05:47 (1072 turns).

nano the Chiller (Spriggan Ice Elementalist)        Turns: 1072, Time: 00:05:47

Health: -4/13      AC:  3    Str:  4    XL:     2   Next: 48%
Magic:  3/7        EV: 19    Int: 16    God:
Gold:   29         SH:  0    Dex: 16    Spells: 6/7 levels left

rFire    . . .     SeeInvis +   c - +0 dagger
rCold    . . .     Faith    .   (shield restricted)
rNeg     . . .     Spirit   .   a - +0 robe
rPois    .         Reflect  .   d - +0 hat
rElec    .         Harm     .   e - +0 cloak
rCorr    .         Rampage  .   (gloves unavailable)
Will     .....                  (boots unavailable)
Stlth    ++........             (no amulet)
HPRegen  0.04/turn              (no ring)
MPRegen  0.10/turn              (no ring)

@: flying, very slightly contaminated, slowed, quick
A: very small, unfitting armour, see invisible, speed 3
a: no special abilities


You were on level 1 of the Dungeon.
You visited 1 branch of the dungeon, and saw 2 of its levels.

You collected 29 gold pieces.

Inventory:

Hand Weapons
 c - a +0 dagger (weapon)
Armour
 a - a +0 robe (worn)
 d - a +0 hat (worn)
 e - a +0 cloak (worn)


   Skills:
 + Level 3.4 Dodging
 - Level 3.0 Stealth
 + Level 3.0 Spellcasting
 * Level 3.6 Ice Magic


You had 6 spell levels left.
You knew the following spells:

 Your Spells              Type           Power        Failure   Level
a - Freeze                Ice            56%          4%          1

Your spell library contained the following spells:

 Spells                   Type           Power        Failure   Level
 Frozen Ramparts          Ice            28%          13%         3
 Ozocubu's Armour         Ice            14%          13%         3
 Hailstorm                Conj/Ice       8%           65%         4
 Summon Ice Beast         Ice/Summ       8%           65%         4


Dungeon Overview and Level Annotations

Branches:
Dungeon (2/15)

Altars:

Annotations:
D:1 Natasha


Innate Abilities, Weirdness & Mutations

You are very small and have problems with some larger weapons.
You are too small for most types of armour.
You have supernaturally acute eyesight. (SInv)
You cover ground extremely quickly.


Message History

Unknown command.
It was a potion of flight.
You feel very buoyant.
You fly up into the air.
Natasha misses you. Natasha barely misses you.
Natasha howls an incantation.
You feel disoriented.
Casting: Freeze (safe; 4% risk of failure)
Confirm with . or Enter, or press ? or * to list all spells.
Aiming: Freeze (safe; 4% risk of failure)
Press: ? - help, Shift-Dir - straight line, f - Natasha
Aim: Natasha (moderately wounded, fast)
You freeze Natasha!
Natasha is severely wounded.
Natasha claws you!
Ouch! That really hurt!
* * * LOW HITPOINT WARNING * * *
Natasha casts a spell at you. The magic dart hits you!
Ouch! That really hurt!
You die...

#.# #...######..#.#.........#
#.###.............#.#.###.#.#
#......÷.#####..###.#.#B#.#.#
#####..÷## #..###.#.###.#.#
#...# ###..##...........
#...####....÷...#.###.#..
#........#####..........#
##....##h# #.###....###
#.##>##@# #.# #....###
#....##.# #.# ###.....
####.##.#####.# #......
#.##.......# #....##
#.#####.#### ##....#. #.#
#.######...###. ##########.##
#..........#...
#...........############..')8.
#.###..................##.#.[.


You could see Natasha (fast).

Vanquished Creatures
  4 bats (D:1)
  A giant cockroach (D:1)
  A goblin (D:1)
  2 hobgoblins (D:1)
  A frilled lizard (D:1)
  3 kobolds (D:1)
  6 rats (D:1)
18 creatures vanquished.

Vanquished Creatures (others)
  2 plants (D:1)
2 creatures vanquished.

Grand Total: 20 creatures vanquished

Notes
Turn   | Place    | Note
-------+----------+-------------------------------------------
     0 | D:1      | nano the Spriggan Ice Elementalist began the quest for the
                  | Orb.
     0 | D:1      | Reached XP level 1. HP: 9/9 MP: 5/5
   495 | D:1      | Reached XP level 2. HP: 11/13 MP: 2/6
  1058 | D:2      | Noticed Natasha
  1072 | D:1      | Killed from afar by Natasha

Illustrated notes

Levels and vault maps discovered:
D:1:      dpeg_arrival_simpleton_c, layout_loops_ring, serial_bayou_pond_a,
          minmay_surrounded
D:2:      minmay_diamond_boxcup, layout_loops_corners,
          nemelex_xobeh_ov_fountains_minmay, uniq_natasha

Skill      XL: |  1  2 |
---------------+-------+-----
Spellcasting   | 3 |  3.0
Dodging        | |  3.4
Stealth        | |  3.0
Ice Magic      | |  3.6

Action                   || total
-------------------------++-------
 Cast: Freeze            ||    33
  Use: Potion            ||     2
Armor: Robe              ||     2
Dodge: Dodged            ||    29
